cohdb
Replays
Latest Replays
All Replays
Popular Replays
Top Player Replays
Match Explorer
How It Works
Community
CoH3 Stats
Reddit
Sign in to upload your games and track your stats! →
Sign in with Steam
Match 38403710
Unlisted
Match 38403710
Overview
Messages
Build Orders
End
Selects Italian Combined Arms Battlegroup
Selects Bersaglieri Squad
Bersaglieri Squad
250 Light Carrier
Bersaglieri Squad
Selects Bersaglieri Bolster
Bersaglieri Squad
Construct Light Support Kompanie
Fire Support Elements
Flakvierling Half-track
Pak 38 Mechanized Group
Selects Breda Model 30 Light Machine Guns
Vehicle Survival Package
Construct Panzerarmee Kommand
Selects Semovente da 75/18 Assault Gun
Armored Reserves
Selects Strafing Run
Panzerpioneer Squad
Strafing Run
Tiger Heavy Tank
Rapid Advance
Strafing Run
Selects Artillery Cover
Advanced Optics
Strafing Run
Emergency Repair Kits
Panzer IV Assault Group
Strafing Run
Cadian Guardsman
SLOARMOR hiltyEyE
Pirex
Mael Radec
Futte
DeeplyGoo
ThatFishCreigh
Blue Dragon
0
0
Comments
sign in to comment!
No comments posted yet!